 Seeded DCSS version 0.30-a0-652-gcc886f7154 (webtiles) character file.

Game seed: 14267924721094143622 (custom seed)

86764 mampy3000 the Bludgeoner (level 15, -3/211 HPs)
             Began as a Minotaur Berserker on Jan 18, 2023.
             Was a High Priest of Trog.
             Succumbed to Aizul's poison arrow
             ... on level 1 of the Shoals.
             The game lasted 00:56:18 (17843 turns).

mampy3000 the Bludgeoner (Minotaur Berserker)      Turns: 17843, Time: 00:56:19

Health: -3/211     AC: 16    Str: 39    XL:     15   Next: 41%
Magic:  14/14      EV: 19    Int:  4    God:    Trog [*****.]
Gold:   1576       SH: 25    Dex: 23    Spells: 14/14 levels left

rFire   + . .      SeeInvis +    p - +6 whip of Forgiveness {drain, *Slow Fly rN++ Str+10}
rCold   . . .      Faith    .    R - +0 tower shield
rNeg    + + .      Spirit   .    f - +2 ring mail of Soklakk {rElec Regen+ Str-2 Dex+7 SInv}
rPois   .          Reflect  +    (helmet restricted)
rElec   +          Harm     +    r - +2 cloak
rCorr   .          Rampage  .    j - +0 pair of gloves
Will    +....                    e - +0 pair of boots Stlth
                                 v - amulet "Usorunod" {Reflect Harm Str+2 SH+5}
HPRegen 1.35/turn                y - ring of protection from fire
MPRegen 0.14/turn                M - +6 ring of strength

@: berserking, lethally poisoned (-3 -> -37), flying, very quick
A: horns 2, retaliatory headbutt
a: Renounce Religion, Berserk, Trog's Hand, Brothers in Arms


You were on level 1 of the Shoals.
You worshipped Trog.
Trog was extremely pleased with you.
You visited 3 branches of the dungeon, and saw 21 of its levels.

You collected 1634 gold pieces.
You spent 58 gold pieces at shops.

Inventory:

Hand Weapons
 a - a +1 spectral hand axe
 p - the +6 whip of Forgiveness (weapon) {drain, *Slow Fly rN++ Str+10}
   (You found it on level 4 of the Dungeon)

   Str:       It affects your strength (+10).
   rN:        It greatly protects you from negative energy.
   Fly:       It grants you flight.
   *Slow:     It may slow you when you take damage.
Missiles
 E - 4 throwing nets (quivered)
 J - 7 javelins
Armour
 e - a +0 pair of boots (worn)
 f - the +2 ring mail of Soklakk (worn) {rElec Regen+ Str-2 Dex+7 SInv}
   (You found it on level 2 of the Dungeon)

   Str:       It affects your strength (-2).
   Dex:       It affects your dexterity (+7).
   rElec:     It insulates you from electricity.
   SInv:      It lets you see invisible.
   Regen:     It increases your rate of health regeneration.
 j - a +0 pair of gloves (worn)
 r - a +2 cloak (worn)
 R - a +0 tower shield (worn)
Jewellery
 b - an amulet of regeneration
 v - the amulet "Usorunod" (around neck) {Reflect Harm Str+2 SH+5}
   (You acquired it on level 7 of the Dungeon)

   [amulet of reflection]

   It reflects blocked missile attacks.
   Str:       It affects your strength (+2).
   SH:        It affects your SH (+5).
   Harm:      It increases damage dealt and taken.
 w - an amulet of the acrobat
 y - a ring of protection from fire (left hand)
 G - an amulet of guardian spirit
 H - a ring of willpower
 L - a ring of ice
 M - a +6 ring of strength (right hand)
Wands
 l - a wand of iceblast (20)
 o - a wand of paralysis (6)
 A - a wand of flame (31)
 F - a wand of light (2)
 N - a wand of digging (8)
Scrolls
 h - 3 scrolls of silence
 k - 3 scrolls of vulnerability
 s - 11 scrolls of teleportation
 u - 4 scrolls of fog
 x - 3 scrolls of fear
 B - 6 scrolls of identify
 I - 5 scrolls of poison
 P - 3 scrolls of blinking
Potions
 c - 3 potions of lignification
 d - 4 potions of cancellation
 g - 4 potions of flight
 i - 5 potions of curing
 m - 2 potions of magic
 n - 8 potions of attraction
 q - 7 potions of might
 t - 4 potions of brilliance
 z - 3 potions of mutation
 C - 2 potions of ambrosia
 K - 4 potions of haste
 O - a potion of berserk rage {unknown}
 S - a potion of heal wounds
Miscellaneous
 D - a phial of floods


   Skills:
 + Level 15.5 Fighting
 + Level 6.5(12.3) Axes
 + Level 16.2(16.7) Maces & Flails
 + Level 0.4 Throwing
 + Level 11.8 Armour
 + Level 12.6 Dodging
 + Level 7.5 Stealth
 + Level 13.6 Shields
 + Level 1.7 Evocations


You had 14 spell levels left.
You didn't know any spells.
Your spell library was empty.

Dungeon Overview and Level Annotations

Branches:
Dungeon (15/15)            Temple (0/1) D:7            Lair (5/5) D:9
 Shoals (1/4) Lair:3       Spider (0/4) Lair:2        Slime (0/5) Lair:4
    Orc (0/2) D:9          Vaults (0/5) D:14         Depths (0/4) D:15

Altars:
Ashenzari
Cheibriados
Kikubaaqudgha
Sif Muna
Trog
Uskayaw
Wu Jian
Xom
Zin

Shops:
D:4 *   D:15 (

Annotations:
Lair:4 2 transporters, exclusion: ice statue, Lufi's ghost, journeyman BaHs
Shoals:1 Aizul; Donald


Innate Abilities, Weirdness & Mutations

You have a pair of horns on your head.
You reflexively headbutt those who attack you in melee.


Message History

The poison arrow hits you.
You are more poisoned.
You feel extremely sick.
Aizul coils herself and waves her upper body at you.
The bolt of poison hits you!
You are more poisoned.
Donald says, "Are you sure you're allowed to read scrolls?"
You block Donald's attack.
A red film seems to cover your vision as you go berserk!
You feel yourself moving faster!
You feel mighty!
You feel extremely sick. Donald barely misses you. You furiously retaliate!
You headbutt Donald!!
Aizul coils herself and waves her upper body at you.
The bolt of poison misses you.
Donald says, "This tentacle just came out of nowhere and touched me.
I hate tentacles!"
You block Donald's attack.
You are too injured to fight recklessly!
You are too injured to fight recklessly!
You are too injured to fight recklessly!
You are too injured to fight recklessly!
You are too injured to fight recklessly!
You hit Donald. Your headbutt misses Donald.
Donald is heavily wounded.
You feel very sick. Donald blocks your attack.
Donald is heavily wounded.
You feel very sick. You block Donald's attack.
Aizul coils herself and waves her upper body at you.
The poison arrow hits you!!
You are more poisoned.
* * * LOW HITPOINT WARNING * * *
You thrash Donald!! Donald blocks your attack.
Donald is severely wounded.
* * * LOW HITPOINT WARNING * * *
You feel very sick. You block Donald's attack. Donald blocks your attack.
Your headbutt misses Donald.
Donald is severely wounded.
You die...

.~~~~~≈≈~~~...
#...~~≈~~~~~~~
#.~.~~~~~.~~~~.
##.~~~~~...~~~~.
#..~~~~?....~~~.
...~~~..........
...~~..@..S.....
~..~~P.@#.......
~.~~~~~......# .
~~~~P~~.....##..
~~~P~~..........
~~PP~~P....~~...
~~PPPP~~<..~~~~~
~~~~P~~~~~~~~~~~
P~PP~~~~~~~~~~~~
≈≈~PP~~P~~~~~≈~~


You could see Aizul and Donald (fast, strong, reflecting).

Vanquished Creatures
  Rupert (Lair:5)
  Louise (D:14)
  A very ugly thing (D:12)
  A dire elephant (Lair:5)
  Snorg (D:10)
  Josephine (D:11)
  13 slime creatures
  Harold (D:9)
  5 hydras
  A catoblepas (Lair:5)
  5 centaur warriors
  A boulder beetle (D:14)
  4 two-headed ogres
  A tengu warrior (D:15)
  Urug (D:10)
  11 skeletal warriors
  Pikel (D:6)
  A lindwurm (Lair:5)
  3 wizards
  An orc knight (D:12)
  A necromancer (D:15)
  A wolf spider (Lair:5)
  3 deep elf pyromancers
  2 orc sorcerers (D:15)
  A manticore (Lair:5)
  10 ugly things
  3 cyclopes
  5 elephants (Lair:2)
  A centaur zombie (D:15)
  6 black mambas
  A naga mage (D:15)
  A guardian serpent (Lair:5)
  2 gargoyles
  18 cane toads
  An unseen horror (D:12)
  3 rime drakes
  3 yaktaurs (D:14)
  A freezing wraith (D:12)
  9 komodo dragons
  5 trolls
  A wind drake (shapeshifter) (D:13)
  3 meliai (D:14)
  9 polar bears (Lair:5)
  A wolf spider simulacrum (D:15)
  3 hornets
  17 blink frogs
  2 raiju (Lair:5)
  A centaur simulacrum (D:15)
  A shadow (D:10)
  5 wraiths
  2 vampires
  A spriggan (shapeshifter) (D:15)
  17 yaks
  Grum (D:10)
  4 basilisks
  A hog (shapeshifter) (D:14)
  2 steam dragons
  15 wyverns
  10 vampire mosquitoes
  2 redbacks (Lair:5)
  4 wargs (Lair:5)
  3 acid dragons
  18 water moccasins
  15 hell hounds (Lair:5)
  2 ice beasts (D:5)
  13 black bears
  8 orc warriors
  8 ogres
  13 centaurs
  26 wolves
  A phantom (D:4)
  A lemure (D:6)
  16 bullfrogs
  6 necrophages
  3 gnoll sergeants (D:9)
  6 kobold brigands
  6 scorpions (Lair:2)
  7 wights
  37 killer bees
  2 electric eels (D:13)
  9 howler monkeys
  2 jellies
  Crazy Yiuf (D:4)
  2 gnoll boudas
  11 orc priests
  6 iguanas
  Jessica (D:2)
  Natasha (thrice) (D:2)
  17 orc wizards
  4 hell rats (Lair:1)
  Robin (D:3)
  11 gnolls
  10 river rats (D:5)
  4 adders
  A shadow imp (D:6)
  A white imp (D:7)
  2 worms
  2 dart slugs
  59 orcs
  4 ball pythons
  3 bats
  4 endoplasms
  5 giant cockroaches
  13 goblins
  2 hobgoblins
  2 jackals (D:1)
  12 kobolds
  10 quokkas
  3 frilled lizards
  14 rats
644 creatures vanquished.

Vanquished Creatures (collateral kills)
  A catoblepas (Lair:1)
  A two-headed ogre (D:11)
  2 ugly things (D:15)
  2 blink frogs (Lair:1)
  A shadow (D:11)
  A boggart (D:12)
  A bullfrog (Lair:1)
  2 killer bees (D:11)
11 creatures vanquished.

Vanquished Creatures (others)
  A tengu warrior (D:15)
  A deep elf pyromancer (D:15)
  A goblin (D:3)
  36 fungi
  65 plants
104 creatures vanquished.

Grand Total: 759 creatures vanquished

Notes
Turn   | Place    | Note
-------+----------+-------------------------------------------
     0 | D:1      | mampy3000 the Minotaur Berserker began the quest for the
                  | Orb.
     0 | D:1      | Reached XP level 1. HP: 19/19 MP: 0/0
   166 | D:1      | Reached XP level 2. HP: 27/27 MP: 1/1
  1032 | D:2      | Identified the +2 ring mail of Soklakk {rElec Regen+ Str-2
                  | Dex+7 SInv}
  1035 | D:2      | Noticed Natasha
  1046 | D:2      | Killed Natasha
  1047 | D:2      | Reached XP level 3. HP: 33/33 MP: 2/2
  1117 | D:2      | Noticed Natasha
  1125 | D:2      | Killed Natasha
  1126 | D:2      | Reached XP level 4. HP: 41/41 MP: 3/3
  1182 | D:2      | Noticed Jessica
  1184 | D:2      | Killed Jessica
  1311 | D:2      | Noticed Natasha
  1319 | D:2      | Killed Natasha
  1320 | D:2      | Reached skill level 5 in Axes
  1844 | D:3      | Noticed Robin
  1850 | D:3      | Reached XP level 5. HP: 47/47 MP: 4/4
  1862 | D:3      | Killed Robin
  1863 | D:3      | Reached skill level 5 in Fighting
  1974 | D:3      | Reached ** piety under Trog
  2447 | D:4      | Identified the +6 whip of Forgiveness {drain, *Slow Fly
                  | rN++ Str+10}
  2449 | D:4      | Reached skill level 1 in Stealth
  2485 | D:4      | Found a runed translucent door.
  2486 | D:4      | Noticed Crazy Yiuf
  2571 | D:4      | Killed Crazy Yiuf
  2773 | D:4      | Noticed a phantom
  2780 | D:4      | Killed a phantom
  2781 | D:4      | Reached XP level 6. HP: 56/56 MP: 5/5
  2857 | D:4      | Reached skill level 1 in Maces & Flails
  2953 | D:4      | Found Nyagreb's Assorted Antiques.
  2964 | D:4      | Bought a scroll labelled ROEBOD ZAGRAOPH for 29 gold pieces
  2964 | D:4      | Bought a scroll labelled ROEBOD ZAGRAOPH for 29 gold pieces
  3368 | D:5      | Entered Level 5 of the Dungeon
  3390 | D:5      | Reached XP level 7. HP: 61/61 MP: 6/6
  3452 | D:5      | Reached skill level 2 in Maces & Flails
  3534 | D:5      | Found a hide-covered altar of Uskayaw.
  3538 | D:5      | Reached *** piety under Trog
  3622 | D:5      | Reached skill level 3 in Maces & Flails
  3727 | D:5      | Reached skill level 5 in Armour
  3728 | D:5      | Reached skill level 4 in Maces & Flails
  4000 | D:5      | Reached XP level 8. HP: 70/70 MP: 7/7
  4163 | D:5      | Reached skill level 5 in Maces & Flails
  4203 | D:6      | Reached skill level 6 in Maces & Flails
  4311 | D:6      | Reached **** piety under Trog
  4363 | D:6      | Found the +6 shillelagh "Devastator" {shatter}
  4510 | D:6      | Noticed Pikel
  4522 | D:6      | Killed Pikel
  4523 | D:6      | Reached skill level 7 in Maces & Flails
  4523 | D:6      | Reached skill level 5 in Dodging
  4523 | D:6      | Reached XP level 9. HP: 79/79 MP: 8/8
  4881 | D:7      | Reached skill level 8 in Maces & Flails
  5022 | D:7      | Found a snail-covered altar of Cheibriados.
  5051 | D:7      | Found a staircase to the Ecumenical Temple.
  5283 | D:7      | Found an ornate altar of the Wu Jian Council.
  5283 | D:7      | Found an ancient bone altar of Kikubaaqudgha.
  5372 | D:7      | Identified a scroll of acquirement
  5372 | D:7      | Acquired the amulet "Usorunod" {Reflect Harm Str+2 SH+5}
  5416 | D:8      | Reached skill level 9 in Maces & Flails
  5566 | D:8      | Reached ***** piety under Trog
  5829 | D:8      | Found a glowing silver altar of Zin.
  6331 | D:9      | Reached XP level 10. HP: 88/88 MP: 9/9
  6332 | D:9      | Reached skill level 10 in Maces & Flails
  6389 | D:9      | Reached skill level 1 in Shields
  6456 | D:9      | Received a gift from Trog
  6457 | D:9      | Reached skill level 11 in Maces & Flails
  6537 | D:9      | Found a staircase to the Orcish Mines.
  6670 | D:9      | Noticed Harold
  6685 | D:9      | Killed Harold
  6776 | D:9      | Reached skill level 12 in Maces & Flails
  6776 | D:9      | Reached XP level 11. HP: 97/97 MP: 10/10
  6788 | D:9      | Found a staircase to the Lair.
  6968 | D:10     | Entered Level 10 of the Dungeon
  6977 | D:10     | Reached skill level 10 in Fighting
  7004 | D:10     | Noticed Snorg
  7023 | D:10     | Killed Snorg
  7096 | D:10     | Reached skill level 1 in Evocations
  7231 | D:10     | Noticed a wizard
  7266 | D:10     | Killed a wizard
  7313 | D:10     | Noticed Urug
  7354 | D:10     | Killed Urug
  7452 | D:10     | Noticed Grum
  7463 | D:10     | Killed Grum
  7547 | D:10     | Found a shimmering blue altar of Sif Muna.
  7547 | D:10     | Found a broken altar of Ashenzari.
  7818 | D:10     | Found a shimmering altar of Xom.
  8174 | D:11     | Noticed a two-headed ogre
  8179 | D:11     | Killed a two-headed ogre
  8349 | D:11     | Noticed Josephine
  8365 | D:11     | Reached skill level 13 in Maces & Flails
  8373 | D:11     | Killed Josephine
  8374 | D:11     | Reached XP level 12. HP: 111/111 MP: 11/11
  8462 | D:11     | Noticed a five-headed hydra
  8470 | D:11     | Killed a five-headed hydra
  8471 | D:11     | Reached skill level 5 in Shields
  8672 | D:11     | Noticed a two-headed ogre
  8678 | D:11     | Killed a two-headed ogre
  8732 | D:11     | Received a gift from Trog
  8849 | D:11     | Reached skill level 10 in Armour
  9338 | D:12     | Reached skill level 5 in Stealth
  9458 | D:12     | Noticed a centaur warrior
  9473 | D:12     | Killed a centaur warrior
  9494 | D:12     | Reached skill level 14 in Maces & Flails
  9812 | D:12     | Noticed a two-headed ogre
  9817 | D:12     | Noticed a white very ugly thing
  9824 | D:12     | Noticed a five-headed hydra
  9825 | D:12     | Killed a white very ugly thing
  9852 | D:12     | Noticed a two-headed ogre
  9870 | D:12     | Reached XP level 13. HP: 52/119 MP: 12/12
 10332 | D:13     | Found a bloodstained altar of Trog.
 10405 | D:13     | Identified the +1 robe of the Lotus Blossom {Rampage rPois
                  | Int-5 Stlth+}
 10671 | D:13     | Reached skill level 10 in Dodging
 11317 | D:14     | Reached skill level 15 in Maces & Flails
 11582 | D:14     | Found a gate to the Vaults.
 11937 | D:14     | Noticed Louise
 11945 | D:14     | Killed Louise
 11987 | D:15     | Entered Level 15 of the Dungeon
 12192 | D:15     | Reached XP level 14. HP: 111/133 MP: 13/13
 12587 | D:15     | Found Qeximoa's Antique Weapon Emporium.
 12618 | D:15     | Paralysed by an orc sorcerer for 2 turns
 12932 | D:15     | Found a staircase to the Depths.
 13291 | Lair:1   | Entered Level 1 of the Lair of Beasts
 13362 | Lair:1   | Received a gift from Trog
 14032 | Lair:2   | Reached skill level 15 in Fighting
 14043 | Lair:2   | Reached skill level 10 in Shields
 14434 | Lair:2   | Found a hole to the Spider Nest.
 14765 | Lair:3   | Found a staircase to the Shoals.
 15219 | Lair:4   | Found a staircase to the Slime Pits.
 15353 | Lair:4   | Noticed Lufi's ghost (journeyman BaHs)
 15651 | Lair:4   | Found a transporter.
 15652 | Lair:4   | Found a transporter.
 16023 | Lair:5   | Entered Level 5 of the Lair of Beasts
 16090 | Lair:5   | Identified the +8 short sword "Inuedd" {speed, rN+ rCorr}
 16219 | Lair:5   | Noticed Rupert
 16311 | Lair:5   | Killed Rupert
 16437 | Lair:5   | Received a gift from Trog
 16466 | Lair:5   | Reached skill level 16 in Maces & Flails
 16471 | Lair:5   | Reached XP level 15. HP: 129/141 MP: 14/14
 17247 | Lair:5   | Identified the +9 trident of Jiax {flame, Fragile Str+7
                  | Int-5 Dex+3}
 17832 | Shoals:1 | Entered Level 1 of the Shoals
 17832 | Shoals:1 | Noticed Aizul
 17833 | Shoals:1 | Noticed Donald
 17841 | Shoals:1 | HP: 8/211 [Aizul/poison arrow (37)]
 17842 | Shoals:1 | HP: 2/211 [poisoned by Aizul (poison arrow)]
 17843 | Shoals:1 | Succumbed to Aizul's poison arrow

Illustrated notes

Levels and vault maps discovered:
D:1:      doesnt_arrival_eight_statues, layout_basic
D:2:      layout_basic, uniq_jessica, uniq_natasha
D:3:      layout_basic, dreamdust_wishing_well, uniq_robin
D:4:      layout_loops_corners, serial_shops, shop, grunt_decor_one_mirror,
          uniq_crazy_yiuf_cottage
D:5:      lemuel_ratsnest, layout_basic, eat_drink_and_be_merry_uskayaw,
          nicolae_elevator_lobby_asterisk
D:6:      layout_layer_cave, minivault_11, chequers_serial_rivers_micro_a,
          dilly_guarded_unrand_devastator, uniq_pikel
D:7:      layout_gridville, mainiacjoe_overflow_alcove_1,
          gammafunk_temple_overflow_elements, minmay_temple_entry_junction_2
D:8:      layout_basic, zin_statuary
D:9:      layout_cave_pools, grunt_lair_entry_orc_guard_hut,
          kennysheep_orc_monster_closet_entryway, uniq_harold
D:10:     cheibrodos_wizards_tower, layout_loops_corners,
          mainiacjoe_overflow_alcove_4, gammafunk_temple_overflow_pools,
          uniq_snorg, uniq_grum, uniq_urug
D:11:     wad_woods_minihive, layout_stronghold, uniq_josephine
D:12:     minmay_triangles_in_corner, layout_basic, special_room
          [special_room_orc], kennysheep_path_1
D:13:     layout_loops_cross, minivault_4, trog_three_pillars_becter
D:14:     layout_roguey, david_vaults_1, chequers_jeans, uniq_louise
D:15:     grunt_enter_depths_magical_seal, layout_small_grid,
          minmay_misc_feat_chi, serial_shops, nicolae_shop_trees
Lair:1:   layout_hall_layers
Lair:2:   layout_misc_corridors, nicolae_spider_entry_non_spiders,
          grunt_megastairs_5
Lair:3:   layout_chaotic_city, minmay_shoals_entry_centaurs, minivault_23
Lair:4:   layout_cave_pods, slime_entry_1, nzn_ghost_randoct
Lair:5:   hangedman_lair_tendril_chambers, layout_cave_pods,
          hangedman_lair_caniforms_friends, uniq_rupert
Shoals:1: layout_shoals, uniq_donald, uniq_aizul

Skill      XL: |  1  2  3  4  5  6  7  8  9 10 11 12 13 14 15 |
---------------+----------------------------------------------+-----
Axes           | 4 5 6 |  6.5
Fighting       | 4 5 6 7 8 9 11 12 14 15 | 15.5
Dodging        | 3 4 5 6 7 8 9 11 12 | 12.6
Armour         | 3 4 5 6 7 8 9 10 11 | 11.8
Stealth        | 1 2 3 4 5 6 7 |  7.5
Maces & Flails | 1 4 7 9 12 13 14 15 16 | 16.2
Shields        | 3 4 6 8 11 13 | 13.6
Evocations     | 1 |  1.7
Throwing       | |  0.4

Action                   |  1- 3 |  4- 6 |  7- 9 | 10-12 | 13-15 || total
-------------------------+-------+-------+-------+-------+-------++-------
Melee: Hand axe          |    45 |    59 |       |       |       ||   104
       Headbutt          |     4 |    21 |    34 |   115 |   224 ||   398
       Whip              |       |    43 |   222 |   448 |   824 ||  1537
       Punch             |       |       |     1 |     7 |     2 ||    10
Throw: Throwing net      |       |       |       |       |     1 ||     1
Invok: Berserk           |     1 |     4 |     5 |    14 |    25 ||    49
       Trog's Hand       |       |       |       |     2 |       ||     2
       Brothers in Arms  |       |       |       |     2 |     2 ||     4
Evoke: Wand              |       |       |       |     5 |       ||     5
  Use: Scroll            |     3 |     3 |     6 |       |    17 ||    29
       Potion            |       |       |       |     4 |       ||     4
 Stab: Sleeping          |     1 |       |       |     5 |     9 ||    15
       Distracted        |       |       |       |     1 |     3 ||     4
       Petrified         |       |       |       |       |     1 ||     1
Armor: Animal skin       |     9 |       |       |       |       ||     9
       Ring mail         |     1 |    43 |    50 |    80 |   136 ||   310
Dodge: Dodged            |    30 |    71 |    99 |   205 |   336 ||   741
Block: Other             |       |       |     7 |    74 |    19 ||   100
       Tower shield      |       |       |       |       |   671 ||   671
       Reflection        |       |       |       |       |    19 ||    19

Table legend: (Time is in decaauts)
 A = Elapsed time spent in this place.
 B = Non-inter-level travel time spent in this place.
 C = Inter-level travel time spent in this place.
 D = Time resting spent in this place.
 E = Time spent auto-exploring this place.
 F = Levels seen in this place.
 G = Mean time per level.
                   A        B        C        D        E       F      G
               +--------+--------+--------+--------+--------+-----+--------+
         Total |  17764 |  16651 |   1113 |      0 |  12082 |  21 |  845.9 |
       Dungeon |  13262 |  12448 |    814 |      0 |   9214 |  15 |  884.1 |
          Lair |   4493 |   4194 |    299 |      0 |   2867 |   5 |  898.6 |
        Shoals |      9 |      9 |      0 |      0 |      0 |   1 |    9.0 |
               +--------+--------+--------+--------+--------+-----+--------+

Top non-repeatable levels by time:
  Lair:5: 1666 daAuts
    D:15: 1204 daAuts
    D:12: 1141 daAuts
    D:10: 1086 daAuts
    D:11: 1065 daAuts
     D:4: 992 daAuts
     D:1: 951 daAuts
    D:13: 935 daAuts
     D:8: 920 daAuts
  Lair:4: 910 daAuts
    D:14: 847 daAuts
     D:5: 807 daAuts
     D:2: 804 daAuts
     D:6: 693 daAuts
     D:3: 684 daAuts
